AoeStats
← MaxedWayOut

Arabia

510217453Analyzed
1v1 RM · 15h ago on Sep 30, 2026· 54m 13s· 2 players
Game mode
Random Map
Map size
Tiny (2 player)
Population
200
Speed
Normal
Resources
Standard
Victory
Conquest
Starting age
Dark Age
Ending age
Imperial Age
RankedLock teamsTeams togetherTeam positionsShared explorationLock speedFull tech treeHidden civsTurbo modeCheats
Victory
Defeat
🇵🇪 Persians · Peru
741
+18
🇺🇸 Magyars · United States
775
-18
MaxedWayOut
5:27 Loom
9:29 Feudal Age
21:13 Castle Age
20:25 Double-Bit Axe
20:32 Fletching
22:24 Bow Saw
22:06 Gold Mining
24:00 Bodkin Arrow
24:07 Husbandry
24:19 Bloodlines
25:09 Gold Shaft Mining
28:38 Wheelbarrow
28:32 Ballistics
31:00 Hand Cart
33:43 Horse Collar
33:55 Stone Mining
37:05 Imperial Age
35:45 Padded Archer Armor
35:46 Town Watch
36:42 Scale Barding Armor
36:58 Masonry
39:29 Parthian Tactics
39:10 Thumb Ring
51:20 Capped Ram
MOXXI_SK
6:56 Loom
10:21 Feudal Age
15:58 Castle Age
14:41 Double-Bit Axe
14:46 Horse Collar
24:18 Heavy Plow
25:24 Bow Saw
25:24 Scale Barding Armor
25:30 Forging
27:48 Wheelbarrow
26:59 Town Watch
30:53 Hand Cart
30:39 Town Patrol
35:56 Imperial Age
36:23 Iron Casting
36:09 Chain Barding Armor
37:13 Conscription
37:07 Bloodlines
36:58 Husbandry
36:19 Heavy Camel Rider
43:40 Light Cavalry
45:20 Hussar
Connection lost

Rejoining the realm…

Still unreachable

The connection could not be restored.

Session expired

The server has moved on; the page needs a fresh start.